Match 46225432
Unlisted

Match 46225432
End
Royal Engineer Section
Selects Canadian Shock Battlegroup
Construct Section Command Post
Dingo Light Scout Car
Infantry Section
Infantry Section
Selects Attacking Spirit
Selects Canadian Shock Section
Canadian Shock Section
Construct Platoon Command Post
Construct Company Command Post
Selects Incendiary Munitions
Selects Pyrotechnics
Crusader II Medium Tank
Crusader II Medium Tank
Royal Engineer Section
Crusader II Medium Tank
Crusader II Medium Tank
Construct Field Infirmary
Armored Vehicle Training
Selects Churchill Crocodile Heavy Tank
Selects Smoke Operation
Churchill Crocodile Heavy Tank
Unlock Towed 17-pounder Anti-tank Guns
17-pounder Anti-tank Gun Team
Team Weapon Training
Infantry Section
Infantry Section
Vickers Machine Gun Team
Smoke Operation
Crusader II Medium Tank
Royal Engineer Section
Smoke Operation
Churchill Crocodile Heavy Tank
Vickers Machine Gun Team
Royal Engineer Section
17-pounder Anti-tank Gun Team
Grenade Package
TheMonkeyInChargeOfBananas
[Fs] SaNgar
Kapa Kapoklis
Dark Lord Cthulhu
0
0

Comments sign in to comment!

No comments posted yet!